[Event "Late-Titled-Tuesday-Blitz-March-12-2024"]
[Site "Chess.com"]
[Date "2024.03.12"]
[Round "2"]
[White "ccccvhhhj"]
[Black "Byniolus"]
[Result "1-0"]
[WhiteElo "2458"]
[BlackElo "2789"]
[TimeControl "180+1"]
[EndTime "14:17:27 PDT"]
[Termination "ccccvhhhj won on time"]

1. e4 d5 2. exd5 Nf6 3. Nf3 Nxd5 4. d4 Bg4 5. Be2 e6 6. c4 Nb6 7. O-O Nc6 8. Be3 Bxf3 9. Bxf3 Nxc4 10. Bxc6+ bxc6 11.
Qa4 Nb6 12. Qxc6+ Qd7 13. Qf3 Bd6 14. Nc3 O-O 15. Ne4 Be7 16. Ng3 Nd5 17. Rac1 Rfb8 18. b3 a5 19. Rc4 a4 20. bxa4 Rxa4 21. Rc2 Rba8 22. Nh5 Rxa2 23. Rxa2 Rxa2 24. Qg3 g6 25. Nf4 Nc3 26. Kh1 Ne4 27. Qf3 Nd6 28. d5 e5 29. Nh3 Qf5 30. Qd1 Qc2 31. Qe1 f6 32. Qb4 Qc4 33. Qb8+ Kg7 34. Rc1 Qxd5 35. Qxc7 Qf7 36.
Bc5 Nf5 37. Bxe7 Qxe7 38. Qc4 Ra7 39. Ng1 h5 40. Nf3 e4 41. Nd4 Nxd4 42. Qxd4 1-0

[Event "Late-Titled-Tuesday-Blitz-March-12-2024"]
[Site "Chess.com"]
[Date "2024.03.12"]
[Round "2"]
[White "Skatchkov_V"]
[Black "Sanan_Sjugirov"]
[Result "0-1"]
[WhiteElo "2673"]
[BlackElo "3004"]
[TimeControl "180+1"]
[EndTime "14:17:29 PDT"]
[Termination "Sanan_Sjugirov won by resignation"]

1. d4 d5 2. c4 e6 3. Nf3 Nf6 4. g3 Bb4+ 5. Bd2 Be7 6. Bg2 O-O 7. O-O c6 8. Qc2 Nbd7 9. Bf4 a5 10. Rd1 h6 11.
Ne5 a4 12. Nc3 a3 13. e4 axb2 14. Qxb2 Qa5 15. exd5 exd5 16. cxd5 cxd5 17. Qb3 Nb6 18. Rab1 Bf5 19. Qxb6 Qxc3 20. Rbc1 Qb4 21. Qxb4 Bxb4 22. Rc7 Rxa2 23. Rxb7 Bc3 24. h3 Be4 25. Ng4 Nxg4 26.
hxg4 Re8 27. Rb8 Rxb8 28. Bxb8 Bxg2 29. Kxg2 Ra4 30. Rd3 Bxd4 31. Bf4 f6 32. Kf3 Kf7 33. Rb3 Ke6 34. Rb7 g5 35. Be3 Ra3 36. Rb8 Bxe3 37. fxe3 d4 38. Rb6+ Kf7 39. Rd6 Rxe3+ 0-1

[Event "Late-Titled-Tuesday-Blitz-March-12-2024"]
[Site "Chess.com"]
[Date "2024.03.12"]
[Round "2"]
[White "ameetghasi100"]
[Black "xasid81"]
[Result "1-0"]
[WhiteElo "2814"]
[BlackElo "2573"]
[TimeControl "180+1"]
[EndTime "14:17:29 PDT"]
[Termination "ameetghasi100 won by resignation"]

1. b3 d5 2. Bb2 c6 3. d3 Nf6 4. h3 h6 5. g3 Bf5 6. Bg2 e6 7. e3 Nbd7 8. Ne2 Bh7 9. Nd2 Bd6 10. a3 O-O 11. O-O Qe7 12. g4 a5 13. Ng3 Be5 14. Bxe5 Nxe5 15. f4 Ned7 16. h4 Ne8 17. g5 Nd6 18. e4 dxe4 19. dxe4 e5 20. gxh6 Qxh4 21. hxg7 Rfe8 22. Qf3 exf4 23. Qxf4 Qxf4 24. Rxf4 Kxg7 25. Nh5+ Kh8 26. Bh3 Ne5 27. Nf6 Bg6 28. Nxe8 Rxe8 29. Kf2 Kg7 30. Bf5 Rd8 31. Nf3 Nxf3 32. Kxf3 Nb5 33.
Ke3 Nd4 34. Rf2 c5 35. Rg1 Rh8 36. Rfg2 Rh6 37. Rg3 Kf6 38. Bxg6 fxg6 39. R1g2 g5 40. Kd3 Ne6 41. Kc4 Rh4 42. Rg4 Rh3 43. Kb5 Rc3 44. Kxa5 Ke5 45. Kb6 c4 46. R4g3 Rxg3 47. Rxg3 cxb3 48.
cxb3 Kxe4 49. Kxb7 Kf4 50. Rc3 g4 51. b4 g3 52. a4 g2 53. Rc1 Nd4 54. Rg1 Kg3 55. a5 Nf3 56. Rxg2+ Kxg2 1-0

[Event "Late-Titled-Tuesday-Blitz-March-12-2024"]
[Site "Chess.com"]
[Date "2024.03.12"]
[Round "2"]
[White "ArturoCaceres"]
[Black "JSPrepz"]
[Result "0-1"]
[WhiteElo "2443"]
[BlackElo "2820"]
[TimeControl "180+1"]
[EndTime "14:17:31 PDT"]
[Termination "JSPrepz won by checkmate"]

1. Nf3 d5 2. b3 f6 3. d4 Bf5 4. e3 e6 5. Bb2 g5 6. Bd3 Bd6 7.
h3 Ne7 8. Bxf5 exf5 9. c4 c6 10.
Nc3 Nd7 11. Qd3 O-O 12. g4 dxc4 13. Qxc4+ Kh8 14. gxf5 Nxf5 15. Qe6 Qa5 16. Qxd7 Rae8 17. O-O-O Re7 18. Qxe7 Bxe7 19. Nd2 b5 20. Kb1 Nd6 21. Rc1 Kg8 22. Nde4 f5 23. Nc5 b4 24. N3a4 Qb5 25.
Rc2 Ne4 26. Rg1 h6 27. h4 g4 28. h5 Kh7 29. f3 gxf3 30. d5 Bg5 31. Ne6 Rf7 32.
Rxc6 f2 33. Nf8+ Kg8 34. Rxg5+ hxg5 35. Ng6 f1=Q+ 36. Bc1 Qbd3+ 37. Ka1 Qc3+ 38. Nxc3 Qxc1+ 39. Nb1 Nc3 40. Rc8+ Kg7 41. Rxc3 bxc3 42. h6+ Kxg6 43. a3 Qb2# 0-1

[Event "Late-Titled-Tuesday-Blitz-March-12-2024"]
[Site "Chess.com"]
[Date "2024.03.12"]
[Round "2"]
[White "jk13"]
[Black "BogdanDeac"]
[Result "0-1"]
[WhiteElo "2692"]
[BlackElo "3058"]
[TimeControl "180+1"]
[EndTime "14:17:34 PDT"]
[Termination "BogdanDeac won by resignation"]

1. e4 c6 2. Nc3 d5 3. Nf3 dxe4 4.
Nxe4 Nf6 5. Qe2 Na6 6. d3 Nc7 7. g3 Ne6 8. Bg2 g6 9. O-O Bg7 10. c3 O-O 11. d4 Qc7 12. Re1 Re8 13. Bd2 b6 14. Ne5 Bb7 15. h4 Rad8 16. Ng5 Nxg5 17. hxg5 Nd7 18. Nxf7 Kxf7 19. Qe6+ Kf8 20. Re3 c5 21. d5 Ne5 22. Re4 Bc8 23. Rf4+ Bf6 24. d6 Bxe6 25. dxc7 Rxd2 26. gxf6 Rc8 27. fxe7+ Kxe7 28. Re1 Nd3 29. Rxe6+ Kxe6 30. Bh3+ Kd6 31. Rf6+ Kxc7 32.
Rf7+ Kb8 33. Bxc8 Kxc8 34. Rxa7 Rxb2 35. a4 Nxf2 36. Rxh7 Ne4 37. c4 Nxg3 38. a5 bxa5 39. Rc7+ Kb8 40. Rxc5 a4 41. Ra5 Ra2 42. c5 Kc7 43.
Ra6 Ne4 44. Rxg6 Nxc5 45. Rg5 Nd7 46. Rg3 Nb6 47. Rc3+ Kb7 48. Rd3 Ka6 49. Rd4 Kb5 50. Re4 Nc4 51. Re3 Nxe3 0-1

[Event "Late-Titled-Tuesday-Blitz-March-12-2024"]
[Site "Chess.com"]
[Date "2024.03.12"]
[Round "2"]
[White "GilbertoHernandezAmura"]
[Black "Incognizance"]
[Result "1-0"]
[WhiteElo "2449"]
[BlackElo "1833"]
[TimeControl "180+1"]
[EndTime "14:17:34 PDT"]
[Termination "GilbertoHernandezAmura won on time"]

1. d4 Nf6 2. Bg5 d5 3. Bxf6 exf6 4. e3 c6 5. c4 dxc4 6. Bxc4 Bf5 7. Nc3 Bb4 8. Ne2 O-O 9. O-O Nd7 10. Qb3 Bxc3 11.
bxc3 Nb6 12. a4 Nxc4 13. Qxc4 Be6 14. Qb4 Rb8 15. Ng3 g6 16. Ne4 f5 17. Nc5 b6 18.
Nxe6 fxe6 19. a5 bxa5 20. Qxa5 Qxa5 21. Rxa5 Rb3 22. Rc1 Rfb8 23. h4 Rb1 24. Rxb1 Rxb1+ 25. Kh2 Rc1 26. Rxa7 Rxc3 27. Re7 Rc2 28. Kg3 c5 29.
dxc5 Rxc5 30. Rxe6 Kf7 31. Ra6 h5 32. f3 Rc4 33. Rd6 Ra4 34. Rd4 Ra3 35. Kf4 Ra2 36. g3 Kf6 37. Rd6+ Kf7 38. Rb6 Ra3 39. Rb2 Kf6 40.
e4 fxe4 41. fxe4 Kg7 42. Rb7+ Kf6 43. e5+ Ke6 44. Rb6+ Kf7 45. Rb4 Ra1 46. Kg5 Rg1 47.
Rf4+ Ke6 48. Rf3 Kxe5 49. Kxg6 Ke4 50. Ra3 Rb1 51. Kxh5 Rb5+ 52. Kg4 Rb4 53. Kh3 Kd5 54. g4 Ke5 55. Rf3 Ke4 56. Kg3 Rb1 57. Rf4+ Ke5 58.
Rf5+ Ke6 59. h5 1-0

[Event "Late-Titled-Tuesday-Blitz-March-12-2024"]
[Site "Chess.com"]
[Date "2024.03.12"]
[Round "2"]
[White "Smoking_Crow"]
[Black "TigrVShlyape"]
[Result "1-0"]
[WhiteElo "2632"]
[BlackElo "2913"]
[TimeControl "180+1"]
[EndTime "14:17:35 PDT"]
[Termination "Smoking_Crow won on time"]

1. e4 c5 2. Nf3 Nc6 3. d4 cxd4 4. Nxd4 Qb6 5. Nb3 Nf6 6. Nc3 e6 7. Qe2 Bb4 8. Bd2 O-O 9. a3 Be7 10. O-O-O d5 11. exd5 Nxd5 12. Nxd5 exd5 13. Be3 Qc7 14. Kb1 Be6 15. Bc5 Bxc5 16. Nxc5 Rfe8 17. Nxe6 fxe6 18. g3 Ne5 19. f4 Nc4 20. Qf3 b5 21. Bd3 Rf8 22.
Rhe1 Rf6 23. Qe2 Rb8 24. c3 a5 25. h4 b4 26. cxb4 axb4 27. a4 Qc6 28. Bxc4 dxc4 29. Qe5 Ra8 30. Qb5 Qf3 31. Qxc4 Qxg3 32. Rxe6 Qg6+ 33.
Re4+ Kh8 34. Qd3 b3 35. Rde1 h6 36. h5 Qg5 37. Re8+ Rf8 38. Rxf8+ Rxf8 39. fxg5 1-0

[Event "Late-Titled-Tuesday-Blitz-March-12-2024"]
[Site "Chess.com"]
[Date "2024.03.12"]
[Round "2"]
[White "guillembaches"]
[Black "Adar_07"]
[Result "0-1"]
[WhiteElo "2562"]
[BlackElo "2803"]
[TimeControl "180+1"]
[EndTime "14:17:35 PDT"]
[Termination "Adar_07 won on time"]

1. Nf3 Nf6 2. d4 g6 3. Bg5 Ne4 4. Bh4 Bg7 5. e3 c5 6. c3 d5 7. Nbd2 Nc6 8. Nxe4 dxe4 9. Nd2 cxd4 10. exd4 f5 11.
Bc4 Na5 12. Qa4+ Bd7 13. Bb5 Nc6 14. Nc4 O-O 15. Nd6 Qc7 16. Bxc6 Qxc6 17. Qxc6 bxc6 18. Bxe7 Rfb8 19. O-O-O Be6 20. Kb1 a5 21. Bg5 Bf8 22.
Bf4 Rb6 23. c4 Rd8 24. c5 Rb4 25. Be5 a4 26. a3 Rb3 27. Ka1 Rdb8 28. Rd2 Bh6 29.
Rc2 Bd5 30. h4 Ra8 31. h5 g5 32. Nxf5 Bf8 33. h6 Kf7 34. Nd6+ Bxd6 35. Bxd6 Kg6 36. Bg3 Ra7 37. Re2 Rf7 38. Re3 Kf5 39.
Rxb3 Bxb3 40. Kb1 Kg4 41. Kc1 e3 42. Be5 exf2 43. Rf1 Bc4 0-1

[Event "Late-Titled-Tuesday-Blitz-March-12-2024"]
[Site "Chess.com"]
[Date "2024.03.12"]
[Round "2"]
[White "Zq1"]
[Black "remi04"]
[Result "0-1"]
[WhiteElo "2606"]
[BlackElo "2906"]
[TimeControl "180+1"]
[EndTime "14:17:38 PDT"]
[Termination "remi04 won on time"]

1. d4 d5 2. c4 e5 3. dxe5 d4 4. Nf3 Nc6 5. a3 Nge7 6. b4 Ng6 7. Bb2 a5 8. b5 Ncxe5 9. Nxe5 Nxe5 10. Qxd4 Qxd4 11.
Bxd4 Nxc4 12. e3 Nd6 13. Be2 Bd7 14. a4 Nf5 15. Bc3 Bb4 16. O-O Ke7 17. Rc1 Rhc8 18. g4 Nd6 19. f3 f6 20. Bxb4 axb4 21. Nd2 c6 22. b6 c5 23. a5 Bb5 24. Bxb5 Nxb5 25.
Rc4 Nd6 26. Rcc1 c4 27. Ra4 b3 28. Rc3 Rc6 29. a6 Rxb6 30. a7 b2 31. Nb1 Ra6 32.
Rxa6 bxa6 33. Rc2 Rxa7 34. Rxb2 Nb5 35. Rb4 Rc7 36. Rb2 Kd6 37. Kf2 Kc5 38. Ke2 a5 39. Kd1 a4 40. Kc2 a3 41. Ra2 Kb4 42. Ra1 c3 43. Ra2 Rd7 44. Ra1 h5 45. h3 hxg4 46. hxg4 Rd8 47. Nxa3 Nxa3+ 48. Kc1 Kb3 0-1

[Event "Late-Titled-Tuesday-Blitz-March-12-2024"]
[Site "Chess.com"]
[Date "2024.03.12"]
[Round "2"]
[White "yuriydovzik"]
[Black "GiorgianBarbosa"]
[Result "0-1"]
[WhiteElo "2094"]
[BlackElo "2466"]
[TimeControl "180+1"]
[EndTime "14:17:38 PDT"]
[Termination "GiorgianBarbosa won on time"]

1. Nf3 Nf6 2. b3 g6 3. Bb2 Bg7 4. g3 O-O 5. Bg2 c5 6. c4 Nc6 7. O-O d5 8. cxd5 Qxd5 9. Ne5 Qd6 10. Nxc6 bxc6 11. d3 Be6 12. Nd2 a5 13. a4 Rfb8 14. Rc1 Rb4 15. Bc3 Rb7 16. Qc2 Rc8 17. Bxa5 Nd5 18.
Ne4 Qe5 19. Nxc5 Ra7 20. b4 Bh6 21. e3 Bg4 22. h3 Nxe3 23. fxe3 Bxe3+ 24. Kh2 Bf5 25. Rce1 Rxa5 26. bxa5 Qxc5 27. Qxc5 Bxc5 28. Rc1 Bd6 29.
Be4 Bd7 30. a6 Ra8 31. Bxc6 Bxc6 32. Rxc6 Ra7 33. Rb1 Kg7 34. Rb7 Ra8 35. a7 h5 36.
Ra6 Bc5 37. Kg2 e5 38. Kf3 Bd4 39. Rd6 h4 40. Rdd7 Rf8 41. Rxf7+ Kh6 42. Rxf8 hxg3 0-1

[Event "Late-Titled-Tuesday-Blitz-March-12-2024"]
[Site "Chess.com"]
[Date "2024.03.12"]
[Round "2"]
[White "subham777"]
[Black "Josgar05"]
[Result "1-0"]
[WhiteElo "2568"]
[BlackElo "2368"]
[TimeControl "180+1"]
[EndTime "14:17:40 PDT"]
[Termination "subham777 won on time"]

1. e4 g6 2. g3 Bg7 3. Bg2 e5 4. Ne2 Ne7 5. O-O O-O 6. c4 d6 7.
Nbc3 Nd7 8. d3 Nc5 9. Be3 Ne6 10. f4 Nd4 11. Nd5 c6 12. Nxe7+ Qxe7 13. f5 gxf5 14.
Bxd4 exd4 15. exf5 Bh6 16. Kh1 Be3 17. f6 Qe5 18. Be4 Bg4 19. Qe1 Kh8 20. Ng1 d5 21. cxd5 cxd5 22. Qa5 Rad8 23. Bg2 a6 24. Rae1 Rd6 25.
Qc7 Rg8 26. Qxf7 Rd7 27. Nf3 Qd6 28. Ng5 Rxg5 29. Qe8+ Rg8 30. f7 Rf8 31. Rf6 Qe7 32. Qxe7 Rxe7 33. Bxd5 Kg7 34. Rff1 Re5 35. Bb3 Rf5 36.
Rxf5 Bxf5 37. Kg2 Bxd3 38. Bd5 b5 39. Kf3 Bg6 40. Ke2 Bh5+ 41. Kd3 Bxf7 42. Be4 1-0

[Event "Late-Titled-Tuesday-Blitz-March-12-2024"]
[Site "Chess.com"]
[Date "2024.03.12"]
[Round "2"]
[White "GoltsevDmitry2000"]
[Black "GMBenjaminBok"]
[Result "0-1"]
[WhiteElo "2687"]
[BlackElo "3035"]
[TimeControl "180+1"]
[EndTime "14:17:41 PDT"]
[Termination "GMBenjaminBok won by checkmate"]

1. e4 c5 2. Nf3 d6 3. d4 cxd4 4. Nxd4 Nf6 5. Nc3 a6 6. Be2 e5 7. Nf5 d5 8. Bg5 d4 9. Bxf6 Qxf6 10. Nd5 Qd8 11. Bf3 Nc6 12. O-O g6 13. Ng3 Bg7 14.
Bg4 Be6 15. c4 h5 16. Be2 h4 17. Nh1 O-O 18. Qd2 Kh7 19. g3 Bh6 20. f4 hxg3 21.
hxg3 exf4 22. gxf4 Kg7 23. Nf2 Qh4 24. Nh1 Rh8 25.
Qe1 Qxe1 26. Raxe1 Rae8 27. Nf2 Bxd5 28. cxd5 Nb4 29.
Ng4 Rxe4 30. Bc4 Rxf4 31. Rxf4 Bxf4 32. Re7 Bd6 33. Rd7 Bc5 34. d6 Rf8 35. Ne5 b5 36. Bxf7 Kf6 37. Ng4+ Kg5 38. Ne5 d3+ 39. Kf1 Kf6 40. Ng4+ Kf5 41. Nh6+ Kg5 42. Ng8 Nc6 43. Ke1 Ne5 44. Rc7 Bxd6 45. Ra7 Rxf7 46. Rxa6 Bb4+ 47. Kd1 Rf1# 0-1

[Event "Late-Titled-Tuesday-Blitz-March-12-2024"]
[Site "Chess.com"]
[Date "2024.03.12"]
[Round "2"]
[White "Bauman_Guy"]
[Black "reevecanada"]
[Result "0-1"]
[WhiteElo "2917"]
[BlackElo "2639"]
[TimeControl "180+1"]
[EndTime "14:17:41 PDT"]
[Termination "reevecanada won by resignation"]

1. e4 c5 2. Nf3 Nc6 3. d4 cxd4 4. Nxd4 g6 5. c4 Bg7 6. Be3 Qa5+ 7. Nc3 Nf6 8. Nb3 Qd8 9. Be2 O-O 10. O-O d6 11.
Nd4 Bd7 12. f3 Rc8 13. Qd2 a6 14. b3 Na5 15. Rac1 Nc6 16. Rfd1 Qa5 17. Bf1 Nxd4 18. Bxd4 Qh5 19. Nd5 Nxd5 20. Bxg7 Kxg7 21. exd5 Rc7 22. Re1 Bc8 23. Re3 Re8 24. Rce1 Qg5 25. Qa5 Rd7 26. g3 e5 27. Qc3 Rde7 28. f4 Qf6 29.
fxe5 Rxe5 30. Rxe5 Rxe5 31. Rxe5 dxe5 32. c5 e4 33.
Qxf6+ Kxf6 34. Kf2 Ke5 35. d6 Kd4 36. b4 Kc3 37. b5 axb5 38. Bxb5 Kd2 39. Bc4 e3+ 40.
Kf3 Bd7 41. Kf4 f6 42. h4 e2 43. Bxe2 Kxe2 44. g4 h6 45. g5 hxg5+ 46. hxg5 f5 47.
Ke5 Kd3 48. Kf6 f4 49. Kxg6 f3 50. Kf7 f2 51. Ke7 Bc6 52. g6 f1=Q 53. g7 Qg2 54. Kf8 Bd5 55. d7 Qf3+ 56. Ke7 Qf7+ 57. Kd6 Qe6+ 58. Kc7 Qc6+ 59. Kd8 Be6 60. Ke7 Qxd7+ 61. Kf6 Qf7+ 62. Ke5 Qxg7+ 63. Kxe6 Qd4 0-1

[Event "Late-Titled-Tuesday-Blitz-March-12-2024"]
[Site "Chess.com"]
[Date "2024.03.12"]
[Round "2"]
[White "viktorgen2021"]
[Black "jocmil"]
[Result "0-1"]
[WhiteElo "2484"]
[BlackElo "2790"]
[TimeControl "180+1"]
[EndTime "14:17:42 PDT"]
[Termination "jocmil won on time"]

1. d4 Nf6 2. Nf3 g6 3. g3 Bg7 4.
Bg2 O-O 5. O-O d6 6. a4 a5 7. Nc3 Nc6 8. h3 e5 9. dxe5 dxe5 10. Qxd8 Rxd8 11. Bg5 Be6 12. Rfd1 h6 13. Bxf6 Bxf6 14. Ne4 Be7 15. e3 f5 16. Nc3 e4 17. Nd4 Nxd4 18. exd4 Bf6 19. Nb5 Rac8 20. c3 Bb3 21. Rd2 c6 22. Na3 Bg5 23. Re2 Bxa4 24. f3 exf3 25.
Bxf3 Bb3 26. Rae1 Kf7 27. Re5 Re8 28. g4 Bf6 29. Rxe8 Rxe8 30. Rxe8 Kxe8 31. Kf2 f4 32. Be4 g5 33. Kf3 Bd1+ 34. Kf2 Bb3 35. Bd3 Bd5 36.
Nb1 b5 37. Nd2 Be7 38. Nf3 a4 39. Ne5 Bf6 40. Ng6 Bf7 41. h4 Kd7 42. h5 Ke8 43.
Kf3 Bd5+ 44. Kf2 b4 45. Bc2 a3 46. bxa3 bxa3 0-1

[Event "Late-Titled-Tuesday-Blitz-March-12-2024"]
[Site "Chess.com"]
[Date "2024.03.12"]
[Round "2"]
[White "ExtremeLearner"]
[Black "Chempiblinka"]
[Result "1-0"]
[WhiteElo "2554"]
[BlackElo "2331"]
[TimeControl "180+1"]
[EndTime "14:17:42 PDT"]
[Termination "ExtremeLearner won by checkmate"]

1. d4 Nf6 2. c4 g6 3. Nc3 Bg7 4. e4 d6 5. Be2 O-O 6. Be3 c5 7. d5 e6 8. h4 exd5 9. exd5 Nbd7 10. h5 Ne5 11. h6 Bh8 12. Nf3 Re8 13. Nxe5 Rxe5 14.
Bf4 Re8 15. Bg5 Qa5 16. O-O a6 17. Bd3 Ng4 18. Re1 Bd7 19. Be2 Nf6 20. Qc2 b5 21. cxb5 axb5 22. a4 b4 23. Nb5 Qb6 24. Bc4 Ng4 25.
Rxe8+ Rxe8 26. a5 Qb8 27. Qa4 Ne5 28. Bf1 c4 29. Qxb4 Bxb5 30. a6 Qb6 31. Be3 Qb8 32.
a7 Qb7 33. a8=Q Rxa8 34. Rxa8+ Qxa8 35. Qxb5 Bf6 36. Bxc4 Nxc4 37. Qxc4 Qa1+ 38. Kh2 Qa8 39. b4 Qf8 40. g3 Be5 41. Kg2 Qe8 42. b5 Bf6 43. b6 Be5 44. b7 f5 45. Qc8 Kf7 46. Qxe8+ Kxe8 47. b8=Q+ Ke7 48. Qc7+ Kf6 49. Qg7# 1-0

[Event "Late-Titled-Tuesday-Blitz-March-12-2024"]
[Site "Chess.com"]
[Date "2024.03.12"]
[Round "2"]
[White "TheCavemanChess"]
[Black "GrotBchess"]
[Result "1-0"]
[WhiteElo "2769"]
[BlackElo "2407"]
[TimeControl "180+1"]
[EndTime "14:17:43 PDT"]
[Termination "TheCavemanChess won by resignation"]

1. Nf3 Nf6 2. g3 e6 3. Bg2 d5 4. O-O c5 5. c4 Nc6 6. d4 cxd4 7. Nxd4 Bc5 8. Nxc6 bxc6 9. Qc2 Qb6 10. Nc3 Be7 11. Be3 Qd8 12. Rfd1 O-O 13. Rac1 Ba6 14.
Qa4 Bxc4 15. b3 Bb5 16. Nxb5 cxb5 17. Qxb5 Qb8 18. Qa6 Rc8 19. Bf4 Rxc1 20. Rxc1 Qb6 21. Qxb6 axb6 22. a4 Bc5 23. Bd2 Kf8 24. b4 Bd6 25. a5 bxa5 26. bxa5 Ke7 27. e3 Nd7 28. Bf1 Nc5 29. Rb1 Kd7 30. Rb6 Bc7 31. Bb5+ Kc8 32. Rc6 Ne4 33. Bb4 Kd8 34. a6 Nf6 35. Rc2 Nd7 36. Ra2 Ra7 37. Bc6 Bb6 38. Bb7 Nc5 39. Bxc5 Bxc5 40. Rc2 Bd6 41. Rc8+ Ke7 42. Rg8 g6 43.
Kg2 h5 44. h4 Kf6 45. f3 Ke7 46. g4 Bc5 47. Kf2 hxg4 48. fxg4 d4 49. exd4 Bxd4+ 50. Kf3 Bf6 51. h5 gxh5 52. gxh5 Bd4 53. h6 f5 54. h7 Kf7 55. h8=Q Bxh8 56. Rxh8 Ke7 57. Ra8 Rxa8 58. Bxa8 Kd7 59. a7 Kc7 60. Bd5 exd5 61. a8=Q 1-0

[Event "Late-Titled-Tuesday-Blitz-March-12-2024"]
[Site "Chess.com"]
[Date "2024.03.12"]
[Round "2"]
[White "mr_gustavo"]
[Black "Hikaru"]
[Result "0-1"]
[WhiteElo "2724"]
[BlackElo "3255"]
[TimeControl "180+1"]
[EndTime "14:17:44 PDT"]
[Termination "Hikaru won on time"]

1. c4 g6 2. Nc3 Bg7 3. d4 d6 4. e4 Nc6 5. Nf3 Bg4 6. Be3 e5 7. d5 Nce7 8. Be2 Bxf3 9. Bxf3 f5 10. h4 Bh6 11. Bxh6 Nxh6 12. h5 g5 13. exf5 Nexf5 14. Ne4 Nd4 15. Bg4 O-O 16. Be6+ Kh8 17. Qd2 Rf4 18.
f3 g4 19. O-O-O gxf3 20. gxf3 Nxf3 21. Qe3 Ng5 22. Nxg5 Qxg5 23. Kb1 Nf5 24. Qb3 b6 25. Rhg1 Qf6 26. h6 Nxh6 27. Rh1 Nf7 28. Bxf7 Qxf7 29. Ka1 Rf8 30. Qh3 Rxc4 31. Rdg1 Rf4 32. a3 Rf6 33.
Qh4 Rg6 34. Rf1 Qxf1+ 35. Rxf1 Rxf1+ 36. Ka2 Rf7 37. Qd8+ Kg7 38. Qb8 a5 39. Qd8 h6 40.
Qh4 Rg5 41. Kb3 Re7 42. Ka2 e4 43. Qe1 e3 44. Kb3 e2 45. Kc4 Kg8 46. Kd4 Kf8 47. Kc4 Ke8 48. b3 Kd8 49. b4 a4 50. Kb5 Kc8 51. Kc6 Kb8 52. b5 Re4 53. Qf2 e1=Q 54. Qf8+ Re8 0-1

[Event "Late-Titled-Tuesday-Blitz-March-12-2024"]
[Site "Chess.com"]
[Date "2024.03.12"]
[Round "2"]
[White "MarcoRiehle"]
[Black "Lady_Nika"]
[Result "1-0"]
[WhiteElo "2808"]
[BlackElo "2569"]
[TimeControl "180+1"]
[EndTime "14:17:44 PDT"]
[Termination "MarcoRiehle won by resignation"]

1. e4 e6 2. c4 d5 3. cxd5 exd5 4. Qb3 c6 5. e5 Qb6 6. Nf3 Be6 7. d4 Nd7 8. Bd3 h6 9. O-O Qxb3 10. axb3 a6 11.
Nc3 g5 12. Ne1 Ne7 13. f4 gxf4 14. Bxf4 Ng6 15. Be3 c5 16. Nf3 cxd4 17. Bxd4 Nf4 18. Bc2 Rg8 19. g3 Bb4 20. Kf2 Nh3+ 21. Kg2 Nf4+ 22.
Kf2 Nh3+ 23. Ke3 Rc8 24. Bh7 Rg7 25. Bd3 Nc5 26. Bc2 Rg4 27. Rad1 Bxc3 28. bxc3 Ne4 29.
Bxe4 Rxe4+ 30. Kd2 Bg4 31. Rde1 Bxf3 32. Rxf3 Ng5 33.
Rf6 Ke7 34. b4 h5 35. Re3 Rxe3 36. Kxe3 Ne4 37. Rb6 Rc7 38. Kd3 Ng5 39. Rh6 Ne6 40. Rxh5 Rc4 41. Rh4 b5 42. Rg4 Rc8 43. h4 Ra8 44. h5 a5 45. bxa5 Rxa5 46. h6 Ra8 47.
Rh4 Rh8 48. Be3 Rh7 49. Rb4 Nc7 50. Rg4 Ne6 51. Rg8 Nf8 52. Bc5+ Ke6 53. Bxf8 Kxe5 54.
Bg7+ Kf5 55. Rd8 1-0

[Event "Late-Titled-Tuesday-Blitz-March-12-2024"]
[Site "Chess.com"]
[Date "2024.03.12"]
[Round "2"]
[White "Boninknights"]
[Black "CarlosAlbornoz"]
[Result "0-1"]
[WhiteElo "2445"]
[BlackElo "2781"]
[TimeControl "180+1"]
[EndTime "14:17:45 PDT"]
[Termination "CarlosAlbornoz won by resignation"]

1. d4 Nf6 2. Nf3 g6 3. c4 Bg7 4. Nc3 O-O 5. e4 d6 6. Be2 Bg4 7. Be3 Nfd7 8. Ng1 Bxe2 9. Ngxe2 c5 10. Qd2 cxd4 11. Nxd4 Nc6 12. f3 Rc8 13. b3 a6 14.
O-O Qa5 15. Rad1 Rfe8 16. Nd5 Qd8 17. Rfe1 Nf6 18. Nc2 Nd7 19. Bh6 Bh8 20. Kh1 b5 21.
Nce3 Nc5 22. Rc1 Ne5 23. Nf4 e6 24. Ng4 Nxg4 25. fxg4 bxc4 26. Rxc4 Qh4 27. g5 Be5 28. g3 Qg4 29. Qe2 Qxe2 30. Rxe2 Bg7 31. b4 Nd7 32.
Rec2 Nb6 33. Rxc8 Rxc8 34. Rxc8+ Nxc8 35. a4 Bc3 36. Nd3 Nb6 37. a5 Nc4 38. Kg2 Ne5 39.
Nxe5 Bxe5 40. Kf3 Bc3 41. b5 axb5 42. a6 Bd4 43. Ke2 Bc5 44. Kd3 d5 45. exd5 exd5 46. g4 b4 47. h4 Ba7 48. h5 Bc5 49. Kc2 d4 50. Kd3 b3 51. hxg6 fxg6 52. Kc4 b2 53. Kxc5 b1=Q 54. Kxd4 Qb6+ 0-1

[Event "Late-Titled-Tuesday-Blitz-March-12-2024"]
[Site "Chess.com"]
[Date "2024.03.12"]
[Round "2"]
[White "Mikhail_Bryakin"]
[Black "simaopdias"]
[Result "1-0"]
[WhiteElo "2736"]
[BlackElo "2263"]
[TimeControl "180+1"]
[EndTime "14:17:45 PDT"]
[Termination "Mikhail_Bryakin won on time"]

1. e4 c5 2. d4 cxd4 3. Qxd4 Nc6 4. Qd3 g6 5. Nc3 Bg7 6. Nf3 d6 7.
Be2 Nf6 8. O-O O-O 9. Nd5 Bg4 10. c3 a6 11. Bg5 Nd7 12. h3 Bxf3 13. Qxf3 Nde5 14. Qe3 Nd7 15. h4 h5 16. Rad1 Kh7 17. Rd2 Rc8 18. Rfd1 Nc5 19. Bf4 Ne6 20. Bh2 Bh6 21. f4 Qa5 22. a3 Qc5 23. g3 Qxe3+ 24.
Nxe3 Nc5 25. Bf3 Ne5 26. Bg2 Rfd8 27. Nd5 Nc6 28. Re2 e6 29. Nb6 Rc7 30. Nc4 Rcd7 31.
Red2 b5 32. Ne3 Nb3 33. Re2 Ne7 34. g4 hxg4 35. Nxg4 Bg7 36. Bf3 f5 37. Nf2 d5 38.
exd5 exd5 39. Re6 a5 40. Rb6 b4 41. axb4 axb4 42. Rxb4 Nc5 43. Nd3 Ne4 44. Ne5 Bxe5 45. fxe5 Nc6 46. Rb6 Ne7 47. e6 Ra7 48. Be5 Kg8 49.
c4 Ra4 50. b3 Ra2 51. cxd5 1-0

[Event "Late-Titled-Tuesday-Blitz-March-12-2024"]
[Site "Chess.com"]
[Date "2024.03.12"]
[Round "2"]
[White "Mikayel99"]
[Black "AlexandreHouhou"]
[Result "1-0"]
[WhiteElo "2552"]
[BlackElo "2328"]
[TimeControl "180+1"]
[EndTime "14:17:48 PDT"]
[Termination "Mikayel99 won by checkmate"]

1. Nf3 d5 2. d4 Nf6 3. g3 Bf5 4. Bg2 e6 5. O-O h6 6. c4 c6 7. Nc3 Nbd7 8. Re1 Be7 9. b3 O-O 10. Bb2 a5 11. Nd2 Bb4 12. a3 Be7 13. e4 dxe4 14. Ndxe4 Nxe4 15. Nxe4 Nf6 16. Nxf6+ Bxf6 17. Qd2 Qd7 18. Rad1 Rfd8 19. h4 h5 20. Bc3 Qc7 21. Qb2 Bg4 22. Rd2 Rd7 23. b4 axb4 24. axb4 Rad8 25.
b5 c5 26. b6 Qc8 27. d5 Bxc3 28. Qxc3 exd5 29. cxd5 c4 30. Re4 Rxd5 31. Rxc4 Qxc4 32. Qxc4 Rxd2 33. Bxb7 R8d4 34. Qc5 g6 35. Bg2 Rd1+ 36. Kh2 Rd8 37. b7 Rb1 38. Qc7 Rf8 39. Bd5 Kg7 40.
Qe5+ Kh7 41. Kg2 Be6 42. Bxe6 fxe6 43. Qc7+ Kg8 44. f4 Rb2+ 45. Kf3 Rb4 46. Ke3 Rb3+ 47.
Kd4 Rb1 48. Ke5 Re1+ 49. Kd6 Rd1+ 50. Ke5 Re1+ 51. Kd6 Rd1+ 52. Kxe6 Re8+ 53. Kf6 Rde1 54. Qg7# 1-0

[Event "Late-Titled-Tuesday-Blitz-March-12-2024"]
[Site "Chess.com"]
[Date "2024.03.12"]
[Round "2"]
[White "remyrushbrooke"]
[Black "kleber2007"]
[Result "0-1"]
[WhiteElo "2261"]
[BlackElo "2531"]
[TimeControl "180+1"]
[EndTime "14:17:48 PDT"]
[Termination "kleber2007 won by checkmate"]

1. d4 Nf6 2. Nc3 g6 3. e4 d6 4.
f4 Bg7 5. Nf3 O-O 6. e5 Nfd7 7.
Bc4 c5 8. e6 Nb6 9. exf7+ Kh8 10.
Ng5 Nxc4 11. h4 h5 12. Qd3 Bf5 13. Qxc4 cxd4 14. Ne2 Nc6 15. Ng3 Qd7 16. Bd2 Rac8 17. Nxf5 Qxf5 18. Qd3 e5 19. g4 Qxd3 20. cxd3 Bf6 21.
gxh5 gxh5 22. fxe5 dxe5 23. Rf1 Bxg5 24. hxg5 Kg7 25.
b4 Rxf7 26. Rxf7+ Kxf7 27. Ke2 Ne7 28. Rf1+ Ke6 29. Rf6+ Kd5 30. Rf7 Ng6 31. Rg7 Nh4 32.
Rxb7 Nf5 33. Rxa7 Rc2 34. Ra5+ Ke6 35. g6 Kf6 36. Ra6+ Kg7 37. a4 h4 38. Ra7+ Kxg6 39. Ra6+ Kh5 40. Ra5 h3 41. Rxe5 Kg4 42. Re4+ Kg3 43.
Kd1 Ra2 44. Bf4+ Kg2 45. a5 Ra3 46. Re2+ Kf3 47. Bd6 Rxd3+ 48. Ke1 Ra3 49. Kf1 Ra1+ 50. Re1 Ne3+ 51. Kg1 Rxe1+ 52. Kh2 Kg4 53. Be5 Re2+ 54. Kh1 Nf5 55. Bxd4 Ng3+ 56. Kg1 Rg2# 0-1